BR (22 & UNDER)
PLYMOUTH COCKS @ WATERTOWN HEADHUNTERS
09/19/2030
 
TOP OF THE 1ST
Plymouth Cocks batting - Pitching for Watertown Headhunters : RHP Luis Guerrero
Pitching: RHP Luis Guerrero
Batting: LHB Yuan-zhang Ge 0-0: Called Strike
0-1: Ball
1-1: Ball
2-1: Ball
3-1: Base on Balls
Batting: RHB Francisco Gonzáles 0-0: Swinging Strike
0-1: Called Strike
0-2: Ball
1-2: Strikes out swinging
Batting: LHB Armando Vázquez 0-0: Swinging Strike
0-1: Ball
1-1: Ball
2-1: Called Strike
2-2: Foul Ball, location: 2F
2-2: Fielders Choice at 2nd, 1-4 (Groundball, 15S)
Batting: RHB Raúl Rivera 0-0: Foul Ball, location: 2F
0-1: Ball
1-1: Swinging Strike
1-2: Ball
2-2: Strikes out swinging
Top of the 1st over - 0 runs, 0 hits, 0 errors, 1 left on base; Plymouth 0 - Watertown 0
BOTTOM OF THE 1ST
Watertown Headhunters batting - Pitching for Plymouth Cocks : RHP César Ohayashi
Pitching: RHP César Ohayashi
Batting: LHB William Mitchell 0-0: Ball
1-0: Ball
2-0: Called Strike
2-1: Ground out 4-3 (Groundball, 4)
Batting: LHB Leonardo Torres 0-0: Reached on error, E8 (Flyball, 8LD)
Batting: RHB Steve Welch 0-0: Ball
1-0: Swinging Strike
1-1: Ground out 5-3 (Groundball, 56S)
Leonardo Torres to second
Batting: RHB Mike Hurt 0-0: Foul Ball, location: 2F
0-1: Called Strike
0-2: Ball
1-2: Ground out 6-3 (Groundball, 6)
Bottom of the 1st over - 0 runs, 0 hits, 1 error, 1 left on base; Plymouth 0 - Watertown 0
TOP OF THE 2ND
Plymouth Cocks batting - Pitching for Watertown Headhunters : RHP Luis Guerrero
Batting: SHB Juan Morales 0-0: Called Strike
0-1: Ball
1-1: Ball
2-1: Ground out U3 (Groundball, 34)
Batting: RHB Edgardo Hernández 0-0: Ball
1-0: Ball
2-0: Called Strike
2-1: Called Strike
2-2: Foul Ball, location: 2F
2-2: Foul Ball, location: 2F
2-2: Foul Ball, location: 2F
2-2: Ball
3-2: Base on Balls
Batting: RHB Sidney Gilbert 0-0: Ball
1-0: Foul Ball, location: 2F
1-1: Ball
2-1: Swinging Strike
2-2: Ball
3-2: Grounds into double play, 5-4-3 (Groundball, 5)
Top of the 2nd over - 0 runs, 0 hits, 0 errors, 0 left on base; Plymouth 0 - Watertown 0
BOTTOM OF THE 2ND
Watertown Headhunters batting - Pitching for Plymouth Cocks : RHP César Ohayashi
Batting: RHB Johnny Marshall 0-0: Called Strike
0-1: Foul Ball, location: 2F
0-2: Ground out 5-3 (Groundball, 56S)
Batting: RHB Gustavo Martínez 0-0: Ball
1-0: Ball
2-0: SINGLE (Groundball, 6MD)
Batting: RHB Roberto Torres 0-0: Ball
1-0: Called Strike
1-1: Ball
Gustavo Martínez is caught stealing 2nd base
2-1: Foul Ball, location: 2F
2-2: Fly out, F6 (Popup, 6M)
Bottom of the 2nd over - 0 runs, 1 hit, 0 errors, 0 left on base; Plymouth 0 - Watertown 0
TOP OF THE 3RD
Plymouth Cocks batting - Pitching for Watertown Headhunters : RHP Luis Guerrero
Batting: LHB William Morgan 0-0: Called Strike
0-1: Ball
1-1: SINGLE (Line Drive, 56D)
Batting: RHB Kevin Hawkins 0-0: Foul Ball, location: 2F
0-1: Fly out, F4 (Line Drive, 4M)
Lined into DP, 4-3 (Line Drive, 4M)
Batting: LHB Yuan-zhang Ge 0-0: Ball
1-0: Swinging Strike
1-1: Ball
2-1: Swinging Strike
2-2: Strikes out swinging
Top of the 3rd over - 0 runs, 1 hit, 0 errors, 0 left on base; Plymouth 0 - Watertown 0
BOTTOM OF THE 3RD
Watertown Headhunters batting - Pitching for Plymouth Cocks : RHP César Ohayashi
Batting: RHB Robinson Martínez 0-0: Called Strike
0-1: Fly out, F8 (Flyball, 89M)
Batting: RHB Francisco Pérez 0-0: Ball
1-0: Foul Ball, location: 2F
1-1: Ground out 6-3 (Groundball, 6)
Batting: LHB William Mitchell 0-0: Ball
1-0: Ball
2-0: Ball
3-0: Base on Balls
Batting: LHB Leonardo Torres 0-0: Swinging Strike
0-1: Ball
1-1: Foul Ball, location: 2F
1-2: Ball
William Mitchell steals 2nd base
2-2: Fly out, F5 (Popup, 56)
Bottom of the 3rd over - 0 runs, 0 hits, 0 errors, 1 left on base; Plymouth 0 - Watertown 0
TOP OF THE 4TH
Plymouth Cocks batting - Pitching for Watertown Headhunters : RHP Luis Guerrero
Batting: RHB Francisco Gonzáles 0-0: Called Strike
0-1: Ball
1-1: Ball
2-1: Ball
3-1: Called Strike
3-2: Fly out, F9 (Flyball, 89D)
Batting: LHB Armando Vázquez 0-0: Fly out, F5 (Popup, 5SF)
Batting: RHB Raúl Rivera 0-0: Ball
1-0: Fly out, F7 (Line Drive, 7S)
Top of the 4th over - 0 runs, 0 hits, 0 errors, 0 left on base; Plymouth 0 - Watertown 0
BOTTOM OF THE 4TH
Watertown Headhunters batting - Pitching for Plymouth Cocks : RHP César Ohayashi
Batting: RHB Steve Welch 0-0: Ball
1-0: Foul Ball, location: 2F
1-1: Ball
2-1: Foul Ball, location: 2F
2-2: Ball
3-2: SOLO HOME RUN (Flyball, 7LD), Distance : 380 ft
Batting: RHB Mike Hurt 0-0: Foul Ball, location: 2F
0-1: Ball
1-1: Foul Ball, location: 2F
1-2: Ball
2-2: Strikes out swinging
Batting: RHB Johnny Marshall 0-0: Called Strike
0-1: SINGLE (Groundball, 6MD)
Batting: RHB Gustavo Martínez 0-0: Grounds into double play, 6-4-3 (Groundball, 6)
Bottom of the 4th over - 1 run, 2 hits, 0 errors, 0 left on base; Plymouth 0 - Watertown 1
TOP OF THE 5TH
Plymouth Cocks batting - Pitching for Watertown Headhunters : RHP Luis Guerrero
Batting: SHB Juan Morales 0-0: Foul Ball, location: 2F
0-1: Foul Ball, location: 2F
0-2: Fly out, F8 (Flyball, 78M)
Batting: RHB Edgardo Hernández 0-0: Ball
1-0: Foul Ball, location: 2F
1-1: Fly out, F5 (Line Drive, 5S)
Batting: RHB Sidney Gilbert 0-0: Ground out U3 (Groundball, 34)
Top of the 5th over - 0 runs, 0 hits, 0 errors, 0 left on base; Plymouth 0 - Watertown 1
BOTTOM OF THE 5TH
Watertown Headhunters batting - Pitching for Plymouth Cocks : RHP César Ohayashi
Batting: RHB Roberto Torres 0-0: Ball
1-0: Ball
2-0: Ball
3-0: Called Strike
3-1: Base on Balls
Batting: RHB Robinson Martínez 0-0: Fly out, F9 (Flyball, 89M)
Batting: RHB Francisco Pérez 0-0: Ball
1-0: Fielders Choice at 2nd, 3-6 (Groundball, 3)
Batting: LHB William Mitchell 0-0: Ball
1-0: Called Strike
1-1: Ball
2-1: Fielders Choice at 2nd, 6-4 (Groundball, 6)
Bottom of the 5th over - 0 runs, 0 hits, 0 errors, 1 left on base; Plymouth 0 - Watertown 1
TOP OF THE 6TH
Plymouth Cocks batting - Pitching for Watertown Headhunters : RHP Luis Guerrero
Batting: LHB William Morgan 0-0: Ball
1-0: DOUBLE (Line Drive, 9LD)
Batting: RHB Kevin Hawkins 0-0: Ball
1-0: Ball
2-0: Ball
3-0: Called Strike
3-1: Base on Balls
Batting: LHB Yuan-zhang Ge 0-0: Ball
1-0: Called Strike
1-1: Ground out 4-3 (Groundball, 34D)
William Morgan to third
Kevin Hawkins to second
Pitching: RHP Manuel Trevino
Batting: RHB Francisco Gonzáles 0-0: Called Strike
0-1: Swinging Strike
0-2: Ball
1-2: Ball
2-2: Strikes out swinging
Batting: LHB Armando Vázquez 0-0: Ball
1-0: SINGLE (Line Drive, 6M)
William Morgan scores
Kevin Hawkins to third
Runner from 3rd tries for Home, SAFE, no throw
Batting: RHB Raúl Rivera 0-0: Ball
1-0: Ball
2-0: Called Strike
2-1: Ball
3-1: Foul Ball, location: 2F
3-2: Fly out, F5 (Line Drive, 5S)
Top of the 6th over - 2 runs, 2 hits, 0 errors, 1 left on base; Plymouth 2 - Watertown 1
BOTTOM OF THE 6TH
Watertown Headhunters batting - Pitching for Plymouth Cocks : RHP César Ohayashi
Batting: LHB Leonardo Torres 0-0: Ball
1-0: Ground out 5-3 (Groundball, 5)
Batting: RHB Steve Welch 0-0: Foul Ball, location: 2F
0-1: Ball
1-1: Ball
2-1: Ground out 4-3 (Groundball, 4M)
Batting: RHB Mike Hurt 0-0: Ball
1-0: Ball
2-0: Swinging Strike
2-1: Swinging Strike
2-2: Ground out 4-3 (Groundball, 4M)
Bottom of the 6th over - 0 runs, 0 hits, 0 errors, 0 left on base; Plymouth 2 - Watertown 1
TOP OF THE 7TH
Plymouth Cocks batting - Pitching for Watertown Headhunters : RHP Manuel Trevino
Batting: SHB Juan Morales 0-0: Called Strike
0-1: Called Strike
0-2: Fly out, F9 (Line Drive, 89S)
Batting: RHB Edgardo Hernández 0-0: Called Strike
0-1: Swinging Strike
0-2: Ball
1-2: Ball
2-2: Strikes out swinging
Batting: RHB Sidney Gilbert 0-0: SINGLE (Flyball, 9LS)
Pitching: LHP José Deleón
Batting: LHB William Morgan 0-0: Called Strike
0-1: Ball
1-1: Fly out, F7 (Flyball, 78S)
Top of the 7th over - 0 runs, 1 hit, 0 errors, 1 left on base; Plymouth 2 - Watertown 1
BOTTOM OF THE 7TH
Watertown Headhunters batting - Pitching for Plymouth Cocks : RHP César Ohayashi
Batting: RHB Johnny Marshall 0-0: Ground out 4-3 (Groundball, 4)
Batting: RHB Gustavo Martínez 0-0: Ball
1-0: Swinging Strike
1-1: Fly out, F9 (Flyball, 9LM)
Batting: RHB Roberto Torres 0-0: Called Strike
0-1: SINGLE (Line Drive, 8LS)
Pitching: RHP Carlos López
Batting: RHB Robinson Martínez 0-0: Swinging Strike
0-1: Swinging Strike
0-2: Ball
1-2: Ball
2-2: Foul Ball, location: 2F
2-2: SINGLE (Flyball, 7LS)
Roberto Torres to second
Batting: RHB Francisco Pérez 0-0: Swinging Strike
0-1: Ball
1-1: Ball
2-1: Foul Ball, location: 2F
2-2: Foul Ball, location: 2F
2-2: Ball
3-2: Ground out 5-3 (Groundball, 56S)
Bottom of the 7th over - 0 runs, 2 hits, 0 errors, 2 left on base; Plymouth 2 - Watertown 1
TOP OF THE 8TH
Plymouth Cocks batting - Pitching for Watertown Headhunters : LHP José Deleón
Pitching: LHP Alonso Rosa
Batting: RHB Kevin Hawkins 0-0: Fly out, F4 (Popup, 34S)
Batting: LHB Yuan-zhang Ge 0-0: Ball
1-0: SINGLE (Line Drive, 78S)
Batting: RHB Francisco Gonzáles 0-0: Foul Ball, location: 2F
0-1: Ball
1-1: Called Strike
1-2: Grounds into double play, 5-4-3 (Groundball, 5)
Top of the 8th over - 0 runs, 1 hit, 0 errors, 0 left on base; Plymouth 2 - Watertown 1
BOTTOM OF THE 8TH
Watertown Headhunters batting - Pitching for Plymouth Cocks : RHP Carlos López
Batting: LHB William Mitchell 0-0: Called Strike
0-1: Ball
1-1: Swinging Strike
1-2: Ground out 4-3 (Groundball, 34)
Batting: LHB Leonardo Torres 0-0: Ball
1-0: Foul Ball, location: 2F
1-1: Fly out, F8 (Flyball, 78D)
Batting: RHB Steve Welch 0-0: Ground out 5-3 (Groundball, 56S)
Bottom of the 8th over - 0 runs, 0 hits, 0 errors, 0 left on base; Plymouth 2 - Watertown 1
TOP OF THE 9TH
Plymouth Cocks batting - Pitching for Watertown Headhunters : LHP Alonso Rosa
Batting: LHB Armando Vázquez 0-0: Ball
1-0: Ball
2-0: Ball
3-0: Called Strike
3-1: Foul Ball, location: 2F
3-2: Base on Balls
Batting: RHB Raúl Rivera 0-0: Ball
1-0: Called Strike
1-1: SINGLE (Flyball, 89S)
Armando Vázquez to second
Runner from 2nd tries for 3rd, SAFE, no throw
Batting: SHB Juan Morales 0-0: Ball
1-0: Ball
2-0: Foul Ball, location: 2F
2-1: Ball
3-1: Base on Balls
Raúl Rivera to second
Batting: RHB Edgardo Hernández 0-0: Called Strike
0-1: Ball
1-1: Fly out, F7 (Flyball, 78M)
Runner from 3rd tags up, SCORES, throw made
Pinch Hitting: RHB Ernesto Rodríguez 0-0: Ball
1-0: Called Strike
1-1: Swinging Strike
1-2: Strikes out swinging
Batting: LHB William Morgan 0-0: Ball
1-0: Called Strike
1-1: Ball
2-1: Called Strike
2-2: Ball
3-2: Foul Ball, location: 2F
3-2: Fly out, F6 (Line Drive, 6)
Top of the 9th over - 1 run, 1 hit, 0 errors, 2 left on base; Plymouth 3 - Watertown 1
BOTTOM OF THE 9TH
Watertown Headhunters batting - Pitching for Plymouth Cocks : RHP Carlos López
Now at 3B: Diego Santos
Batting: RHB Mike Hurt 0-0: Ball
1-0: Ball
2-0: Ball
3-0: Called Strike
3-1: Foul Ball, location: 2F
3-2: Strikes out swinging
Batting: RHB Johnny Marshall 0-0: Ball
1-0: Ball
2-0: Ball
3-0: Called Strike
3-1: Fly out, F9 (Flyball, 89S)
Batting: RHB Gustavo Martínez 0-0: Called Strike
0-1: Ball
1-1: SINGLE (Groundball, 6MD)
Batting: RHB Roberto Torres 0-0: Called Strike
0-1: Ball
1-1: Ball
2-1: Fly out, F8 (Flyball, 8RD)
Bottom of the 9th over - 0 runs, 1 hit, 0 errors, 1 left on base; Plymouth 3 - Watertown 1
Saturday, April 7th, 2018 - OOTP Baseball 18.8 Build 76